CAL
RANCHO CUCAMONGA QUAKES @ SAN JOSE GIANTS
06/19/2099
 
TOP OF THE 1ST
Rancho Cucamonga Quakes batting - Pitching for San Jose Giants : RHP Ivan Velez
Pitching: RHP Ivan Velez
Batting: SHB Ramon Faustino 0-0: Ball
1-0: Fly out, F2 (Popup, 2LF, EV 86.3 MPH)
Batting: LHB Curt Kruse 0-0: Ball
1-0: Called Strike
1-1: Called Strike
1-2: Ball
2-2: Ball
3-2: DOUBLE (Line Drive, 89M, EV 92.5 MPH)
Batting: RHB Justin Rottier 0-0: Ball
1-0: Ball
2-0: Ball
3-0: Base on Balls
Batting: RHB Felipe Delgado 0-0: Swinging Strike
0-1: Called Strike
0-2: Ball
1-2: Foul Ball, location: 23F
1-2: Ball
2-2: Ball
3-2: Base on Balls
Curt Kruse to third
Justin Rottier to second
Batting: RHB Joe Coates 0-0: Grounds into double play, 5-4-3 (Groundball, 56S, EV 93.1 MPH)
Top of the 1st over - 0 runs, 1 hit, 0 errors, 2 left on base; Rancho Cucamonga 0 - San Jose 0
BOTTOM OF THE 1ST
San Jose Giants batting - Pitching for Rancho Cucamonga Quakes : LHP Jesus Ocana
Pitching: LHP Jesus Ocana
Batting: RHB William Rodriguez 0-0: Ball
1-0: Foul Ball, location: 9LSF
1-1: Ball
2-1: Ball
3-1: SINGLE (Line Drive, 8RS, EV 105.6 MPH)
Batting: SHB Bryan Edwards 0-0: Swinging Strike
0-1: Foul Ball, location: 9LDF
0-2: Ball
1-2: Ball
2-2: Foul Ball, location: 2F
2-2: Fly out, F7 (Flyball, 78M, EV 83.1 MPH)
Batting: RHB Jonathan Rosario 0-0: Ball
1-0: Swinging Strike
1-1: Swinging Strike
1-2: Ball
2-2: Foul Ball, location: 2F
2-2: Ball
3-2: 2-RUN HOME RUN (Flyball, 7LD, EV 99.4 MPH), Distance : 366 ft
Batting: RHB Chris Meyer 0-0: Ball
1-0: Ball
2-0: Called Strike
2-1: Foul Ball, location: 3F
2-2: SINGLE (Groundball, 6MD, EV 111.3 MPH)
Batting: RHB Campbell Ball 0-0: Ball
1-0: Grounds into double play, 6-4-3 (Groundball, 6, EV 80.0 MPH)
Bottom of the 1st over - 2 runs, 3 hits, 0 errors, 0 left on base; Rancho Cucamonga 0 - San Jose 2
TOP OF THE 2ND
Rancho Cucamonga Quakes batting - Pitching for San Jose Giants : RHP Ivan Velez
Batting: RHB Pete Betts 0-0: Ball
1-0: Ball
2-0: Ball
3-0: Called Strike
3-1: Base on Balls
Batting: RHB Ernesto Lopez 0-0: Ball
1-0: Ball
2-0: Called Strike
2-1: Ball
3-1: Foul Ball, location: 2F
3-2: Ground out 6-3 (Groundball, P, EV 83.1 MPH)
Pete Betts to second
Batting: LHB Terry Walker 0-0: Foul Ball, location: 2F
0-1: Called Strike
0-2: Foul Ball, location: 3SF
0-2: Ball
1-2: Foul Ball, location: 7LMF
1-2: Ball
2-2: Ball
3-2: Base on Balls
Pitching: RHP Aaron Murray
Batting: RHB Rickey Hummel 0-0: Ball
1-0: Foul Ball, location: 23FF
1-1: Foul Ball, location: 5DF
1-2: SINGLE (Line Drive, 7S, EV 93.1 MPH)
Pete Betts to third
Terry Walker to second
Batting: SHB Ramon Faustino 0-0: Foul Ball, location: 3F
0-1: Foul Ball, location: 5SF
0-2: Ball
1-2: Ball
2-2: Ball
3-2: Fly out, F2 (Popup, 2LF, EV 91.3 MPH)
Batting: LHB Curt Kruse 0-0: Ball
1-0: Called Strike
1-1: Called Strike
1-2: Ball
2-2: Ball
3-2: DOUBLE (Line Drive, 9LS, EV 95.0 MPH)
Pete Betts scores
Terry Walker scores
Rickey Hummel to third
Rickey Hummel scores
Batting: RHB Justin Rottier 0-0: Called Strike
0-1: Called Strike
0-2: SINGLE (Line Drive, 4MD, EV 107.5 MPH)
Curt Kruse to third
Batting: RHB Felipe Delgado 0-0: Ball
1-0: Ball
2-0: Foul Ball, location: 2F
2-1: Called Strike
2-2: Ball
3-2: Ground out 6-3 (Groundball, 6, EV 86.3 MPH)
Top of the 2nd over - 3 runs, 3 hits, 0 errors, 2 left on base; Rancho Cucamonga 3 - San Jose 2
BOTTOM OF THE 2ND
San Jose Giants batting - Pitching for Rancho Cucamonga Quakes : LHP Jesus Ocana
Batting: LHB Jeff Reed 0-0: Called Strike
0-1: Ball
1-1: Ball
2-1: Swinging Strike
2-2: Ground out 6-3 (Groundball, 6, EV 81.3 MPH)
Batting: RHB Dave McDonald 0-0: SINGLE (Groundball, 6MD, EV 100.6 MPH)
Batting: RHB Matt Jacobs 0-0: Foul Ball, location: 9LSF
0-1: Swinging Strike
0-2: Foul Ball, location: 23F
0-2: Strikes out swinging
Pitching: RHP Ricardo Marquez
Batting: RHB Jonathan Marrazzo 0-0: Ball
1-0: Ball
2-0: Ball
3-0: Base on Balls
Dave McDonald to second
Batting: RHB William Rodriguez 0-0: Ball
1-0: Fielders Choice at 2nd, 6-4 (Groundball, 6, EV 94.4 MPH)
Bottom of the 2nd over - 0 runs, 1 hit, 0 errors, 2 left on base; Rancho Cucamonga 3 - San Jose 2
TOP OF THE 3RD
Rancho Cucamonga Quakes batting - Pitching for San Jose Giants : RHP Aaron Murray
Batting: RHB Joe Coates 0-0: Ball
1-0: Ball
2-0: Called Strike
2-1: Ground out 6-3 (Groundball, 56, EV 75.6 MPH)
Batting: RHB Pete Betts 0-0: Fly out, F7 (Flyball, 7, EV 81.9 MPH)
Batting: RHB Ernesto Lopez 0-0: Foul Ball, location: 5F
0-1: Ball
1-1: SOLO HOME RUN (Line Drive, 7D, EV 110.6 MPH), Distance : 401 ft
Batting: LHB Terry Walker 0-0: Ball
1-0: Called Strike
1-1: Ball
2-1: Foul Ball, location: 5F
2-2: Ground out U3 (Groundball, 34, EV 93.8 MPH)
Top of the 3rd over - 1 run, 1 hit, 0 errors, 0 left on base; Rancho Cucamonga 4 - San Jose 2
BOTTOM OF THE 3RD
San Jose Giants batting - Pitching for Rancho Cucamonga Quakes : RHP Ricardo Marquez
Batting: SHB Bryan Edwards 0-0: Ball
1-0: Foul Ball, location: 3F
1-1: Ball
2-1: Ball
3-1: Called Strike
3-2: Ground out 1-3 (Groundball, 15S, EV 67.5 MPH)
Batting: RHB Jonathan Rosario 0-0: Ball
1-0: Fly out, F9 (Flyball, 9D, EV 110.0 MPH)
Batting: RHB Chris Meyer 0-0: Called Strike
0-1: Ball
1-1: Foul Ball, location: 5SF
1-2: Fly out, F2 (Popup, 2RF, EV 88.8 MPH)
Bottom of the 3rd over - 0 runs, 0 hits, 0 errors, 0 left on base; Rancho Cucamonga 4 - San Jose 2
TOP OF THE 4TH
Rancho Cucamonga Quakes batting - Pitching for San Jose Giants : RHP Aaron Murray
Batting: RHB Rickey Hummel 0-0: DOUBLE (Groundball, 5L, EV 100.0 MPH)
Batting: SHB Ramon Faustino 0-0: Called Strike
0-1: Swinging Strike
0-2: Ball
1-2: Ball
2-2: DOUBLE (Line Drive, 78D, EV 102.5 MPH)
Rickey Hummel scores
Pitching: RHP Mike Miller
Batting: LHB Curt Kruse 0-0: Swinging Strike
0-1: Ball
1-1: Foul Ball, location: 2F
1-2: Ball
2-2: Foul Ball, location: 5FF
2-2: Ball
3-2: Base on Balls
Batting: RHB Justin Rottier 0-0: Ball
1-0: 3-RUN HOME RUN (Flyball, 7LD, EV 94.4 MPH), Distance : 352 ft
Batting: RHB Felipe Delgado 0-0: Foul Ball, location: 9LMF
0-1: Ball
1-1: Called Strike
1-2: Ball
2-2: Foul Ball, location: 3FF
2-2: Ball
3-2: Foul Ball, location: 9LSF
3-2: Foul Ball, location: 2F
3-2: Base on Balls
Batting: RHB Joe Coates 0-0: Ball
1-0: Foul Ball, location: 3DF
1-1: Fielders Choice at 2nd, 5-4 (Groundball, 56S, EV 81.9 MPH)
Batting: RHB Pete Betts 0-0: Swinging Strike
0-1: Foul Ball, location: 5F
0-2: Ball
1-2: Foul Ball, location: 9LDF
1-2: Strikes out looking
Batting: RHB Ernesto Lopez 0-0: Called Strike
0-1: Foul Ball, location: 2F
0-2: Strikes out swinging
Top of the 4th over - 4 runs, 3 hits, 0 errors, 1 left on base; Rancho Cucamonga 8 - San Jose 2
BOTTOM OF THE 4TH
San Jose Giants batting - Pitching for Rancho Cucamonga Quakes : RHP Ricardo Marquez
Batting: RHB Campbell Ball 0-0: Called Strike
0-1: Foul Ball, location: 3SF
0-2: Ball
1-2: Ball
2-2: Foul Ball, location: 5DF
2-2: Ball
3-2: Foul Ball, location: 3FF
3-2: Ground out 6-3 (Groundball, 6M, EV 104.4 MPH)
Batting: LHB Jeff Reed 0-0: Called Strike
0-1: Foul Ball, location: 5F
0-2: Ball
1-2: Ball
2-2: Ground out 6-3 (Groundball, 6, EV 83.1 MPH)
Batting: RHB Dave McDonald 0-0: Ball
1-0: Foul Ball, location: 3FF
1-1: Ball
2-1: Swinging Strike
2-2: Fly out, F9 (Flyball, 9LMF, EV 105.6 MPH)
Bottom of the 4th over - 0 runs, 0 hits, 0 errors, 0 left on base; Rancho Cucamonga 8 - San Jose 2
TOP OF THE 5TH
Rancho Cucamonga Quakes batting - Pitching for San Jose Giants : RHP Mike Miller
Batting: LHB Terry Walker 0-0: Called Strike
0-1: Foul Ball, location: 2F
0-2: Fly out, F8 (Flyball, 8RD, EV 78.1 MPH)
Batting: RHB Rickey Hummel 0-0: Ball
1-0: Called Strike
1-1: Called Strike
1-2: Strikes out looking
Batting: SHB Ramon Faustino 0-0: Ball
1-0: Called Strike
1-1: Foul Ball, location: 2F
1-2: Strikes out swinging
Top of the 5th over - 0 runs, 0 hits, 0 errors, 0 left on base; Rancho Cucamonga 8 - San Jose 2
BOTTOM OF THE 5TH
San Jose Giants batting - Pitching for Rancho Cucamonga Quakes : RHP Ricardo Marquez
Batting: RHB Matt Jacobs 0-0: Ball
1-0: SOLO HOME RUN (Flyball, 7D, EV 95.0 MPH), Distance : 370 ft
Batting: RHB Jonathan Marrazzo 0-0: Called Strike
0-1: Swinging Strike
0-2: Ball
1-2: Foul Ball, location: 23F
1-2: Hit by Pitch
Batting: RHB William Rodriguez 0-0: Called Strike
0-1: Called Strike
0-2: Foul Ball, location: 2F
0-2: Ball
1-2: Foul Ball, location: 2F
1-2: Foul Ball, location: 5F
1-2: Fly out, F9 (Flyball, 89D, EV 92.5 MPH)
Batting: SHB Bryan Edwards 0-0: Ball
1-0: Ball
2-0: Fly out, F8 (Flyball, 8RS, EV 90.0 MPH)
Batting: RHB Jonathan Rosario 0-0: SINGLE (Groundball, 56D, EV 104.4 MPH)
Jonathan Marrazzo to second
Batting: RHB Chris Meyer 0-0: Foul Ball, location: 2RF
0-1: Ball
1-1: Ball
2-1: Called Strike
2-2: Strikes out swinging
Bottom of the 5th over - 1 run, 2 hits, 0 errors, 2 left on base; Rancho Cucamonga 8 - San Jose 3
TOP OF THE 6TH
Rancho Cucamonga Quakes batting - Pitching for San Jose Giants : RHP Mike Miller
Batting: LHB Curt Kruse 0-0: Ball
1-0: Ball
2-0: Foul Ball, location: 3F
2-1: Foul Ball, location: 2F
2-2: Ground out U3 (Groundball, 3, EV 98.1 MPH)
Batting: RHB Justin Rottier 0-0: Ball
1-0: SOLO HOME RUN (Flyball, 7LD, EV 98.8 MPH), Distance : 355 ft
Batting: RHB Felipe Delgado 0-0: Fly out, F4 (Popup, 34, EV 53.8 MPH)
Batting: RHB Joe Coates 0-0: Foul Ball, location: 2F
0-1: Ball
1-1: Ball
2-1: Called Strike
2-2: Ball
3-2: Base on Balls
Batting: RHB Pete Betts 0-0: SINGLE (Line Drive, 7S, EV 109.4 MPH)
Joe Coates to second
Batting: RHB Ernesto Lopez 0-0: Swinging Strike
0-1: Called Strike
0-2: Ball
1-2: Ball
2-2: Foul Ball, location: 2F
2-2: Ball
3-2: Foul Ball, location: 2F
3-2: Fly out, F7 (Flyball, 7, EV 89.4 MPH)
Top of the 6th over - 1 run, 2 hits, 0 errors, 2 left on base; Rancho Cucamonga 9 - San Jose 3
BOTTOM OF THE 6TH
San Jose Giants batting - Pitching for Rancho Cucamonga Quakes : RHP Ricardo Marquez
Pitching: RHP Stephano Emiliani
Batting: RHB Campbell Ball 0-0: Called Strike
0-1: Foul Ball, location: 23F
0-2: Ball
1-2: Ground out 4-3 (Groundball, 4, EV 85.0 MPH)
Batting: LHB Jeff Reed 0-0: Ball
1-0: Called Strike
1-1: Swinging Strike
1-2: Strikes out swinging
Batting: RHB Dave McDonald 0-0: SINGLE (Groundball, 56D, EV 82.5 MPH) (infield hit)
Batting: RHB Matt Jacobs 0-0: Called Strike
0-1: Ball
1-1: Foul Ball, location: 25F
1-2: Fielders Choice at 2nd, 6-4 (Groundball, 6, EV 107.5 MPH)
Bottom of the 6th over - 0 runs, 1 hit, 0 errors, 1 left on base; Rancho Cucamonga 9 - San Jose 3
TOP OF THE 7TH
Rancho Cucamonga Quakes batting - Pitching for San Jose Giants : RHP Mike Miller
Batting: LHB Terry Walker 0-0: Called Strike
0-1: Foul Ball, location: 3F
0-2: Foul Ball, location: 9LSF
0-2: Foul Ball, location: 9LMF
0-2: Ball
1-2: Ball
2-2: Foul Ball, location: 2F
2-2: DOUBLE (Line Drive, 7LS, EV 88.1 MPH)
Pitching: RHP David Stickels
Batting: RHB Rickey Hummel 0-0: Called Strike
0-1: Called Strike
0-2: Ball
1-2: Strikes out swinging
Batting: SHB Ramon Faustino 0-0: Fly out, F4 (Popup, 4D, EV 51.3 MPH)
Batting: LHB Curt Kruse 0-0: Swinging Strike
0-1: Foul Ball, location: 9LSF
0-2: Foul Ball, location: 5F
0-2: Ball
1-2: Fly out, F5 (Popup, 5SF, EV 78.1 MPH)
Top of the 7th over - 0 runs, 1 hit, 0 errors, 1 left on base; Rancho Cucamonga 9 - San Jose 3
BOTTOM OF THE 7TH
San Jose Giants batting - Pitching for Rancho Cucamonga Quakes : RHP Stephano Emiliani
Batting: RHB Jonathan Marrazzo 0-0: Ball
1-0: Ball
2-0: Called Strike
2-1: Foul Ball, location: 3F
2-2: Ball
3-2: Strikes out swinging
Batting: RHB William Rodriguez 0-0: Fly out, F9 (Line Drive, 9S, EV 101.3 MPH)
Batting: SHB Bryan Edwards 0-0: Foul Ball, location: 5F
0-1: Called Strike
0-2: Strikes out swinging
Bottom of the 7th over - 0 runs, 0 hits, 0 errors, 0 left on base; Rancho Cucamonga 9 - San Jose 3
TOP OF THE 8TH
Rancho Cucamonga Quakes batting - Pitching for San Jose Giants : RHP David Stickels
Batting: RHB Justin Rottier 0-0: Fly out, F9 (Flyball, 89M, EV 93.8 MPH)
Batting: RHB Felipe Delgado 0-0: Swinging Strike
0-1: Ball
1-1: Hit by Pitch
Batting: RHB Joe Coates 0-0: Ball
1-0: Called Strike
1-1: Foul Ball, location: 2F
1-2: Strikes out swinging
Batting: RHB Pete Betts 0-0: Ball
1-0: Called Strike
1-1: Fly out, F3 (Popup, 3, EV 75.6 MPH)
Top of the 8th over - 0 runs, 0 hits, 0 errors, 1 left on base; Rancho Cucamonga 9 - San Jose 3
BOTTOM OF THE 8TH
San Jose Giants batting - Pitching for Rancho Cucamonga Quakes : RHP Stephano Emiliani
Batting: RHB Jonathan Rosario 0-0: Ball
1-0: Ball
2-0: Foul Ball, location: 23F
2-1: Ball
3-1: Foul Ball, location: 3SF
3-2: Base on Balls
Pitching: RHP Billy McMahon
Batting: RHB Chris Meyer 0-0: Ball
1-0: SINGLE (Line Drive, 7S, EV 92.5 MPH)
Jonathan Rosario to second
Pinch Hitting: SHB Jared LaCount 0-0: Ball
1-0: Called Strike
1-1: Called Strike
1-2: Ball
2-2: Ball
3-2: Foul Ball, location: 7LMF
3-2: Fielders Choice at 2nd, 5-4 (Groundball, 5S, EV 87.5 MPH)
Jonathan Rosario to third
Batting: LHB Jeff Reed 0-0: SINGLE (Flyball, 56D, EV 95.0 MPH)
Jonathan Rosario scores
Jared LaCount to second
Batting: RHB Dave McDonald 0-0: Ball
1-0: Foul Ball, location: 9LSF
1-1: Ball
2-1: Ball
3-1: 3-RUN HOME RUN (Line Drive, 7D, EV 102.5 MPH), Distance : 397 ft
Pitching: RHP Bill DeFiore
Batting: RHB Matt Jacobs 0-0: Ball
1-0: Ball
2-0: Fly out, F8 (Flyball, 8LM, EV 76.3 MPH)
Batting: RHB Jonathan Marrazzo 0-0: Ball
1-0: Called Strike
1-1: Ground out 4-3 (Groundball, 4, EV 80.6 MPH)
Bottom of the 8th over - 4 runs, 3 hits, 0 errors, 0 left on base; Rancho Cucamonga 9 - San Jose 7
TOP OF THE 9TH
Rancho Cucamonga Quakes batting - Pitching for San Jose Giants : RHP David Stickels
Now at 3B: Jared LaCount
Now at SS: Bryan Edwards
Batting: RHB Ernesto Lopez 0-0: Called Strike
0-1: Fly out, F8 (Flyball, 78D, EV 107.5 MPH)
Batting: LHB Terry Walker 0-0: Called Strike
0-1: Called Strike
0-2: Strikes out looking
Batting: RHB Rickey Hummel 0-0: Ball
1-0: Ball
2-0: Foul Ball, location: 5F
2-1: Ball
3-1: Called Strike
3-2: Foul Ball, location: 3F
3-2: Foul Ball, location: 2F
3-2: Strikes out swinging
Top of the 9th over - 0 runs, 0 hits, 0 errors, 0 left on base; Rancho Cucamonga 9 - San Jose 7
BOTTOM OF THE 9TH
San Jose Giants batting - Pitching for Rancho Cucamonga Quakes : RHP Bill DeFiore
Batting: RHB William Rodriguez 0-0: Ball
1-0: Called Strike
1-1: Called Strike
1-2: Ground out 6-3 (Groundball, 56, EV 79.4 MPH)
Batting: SHB Bryan Edwards 0-0: Foul Ball, location: 3SF
0-1: Ball
1-1: Ball
2-1: DOUBLE (Line Drive, 9LM, EV 95.0 MPH)
Batting: RHB Jonathan Rosario 0-0: Called Strike
0-1: Foul Ball, location: 9LSFF
0-2: Strikes out swinging
Batting: RHB Chris Meyer 0-0: Ball
1-0: Ball
2-0: Called Strike
2-1: Ball
3-1: Foul Ball, location: 9LMF
3-2: Strikes out swinging
Bottom of the 9th over - 0 runs, 1 hit, 0 errors, 1 left on base; Rancho Cucamonga 9 - San Jose 7
Thursday, May 9th , 2024 - OOTP Baseball 24.11 Build 85